 Dungeon Crawl Stone Soup version 0.21-a0-297-ga3d34c2 (webtiles) character file.

144 tilp the Firebug (level 5, 0/38 HPs)
             Began as a Hill Orc Fire Elementalist on Sept 28, 2017.
             Was an Initiate of Okawaru.
             Slain by a hound (3 damage)
             ... on level 4 of the Dungeon.
             The game lasted 00:14:11 (4397 turns).

tilp the Firebug (Hill Orc Fire Elementalist)       Turns: 4397, Time: 00:14:12

Health: 0/38       AC:  3    Str:  6    XL:     5   Next: 27%
Magic:  6/9        EV: 12    Int: 16    God:    Okawaru [......]
Gold:   6          SH:  0    Dex: 11    Spells: 3/9 levels left

rFire    . . .     SeeInvis .   z - +3 morningstar of Anehyl Fede {elec, rElec rN+ Str-5} (curse)
rCold    . . .     Gourm    .   (no shield)
rNeg     + . .     Faith    .   a - +0 robe
rPois    .         Spirit   .   (no helmet)
rElec    +         Reflect  .   (no cloak)
rCorr    .         Harm     .   (no gloves)
MR       .....                  u - +0 pair of boots
Stlth    ++........             (no amulet)
HPRegen  0.12/turn              (no ring)
MPRegen  0.11/turn              (no ring)

@: flying, slowed, very slow
A: no striking features
a: Renounce Religion


You were on level 4 of the Dungeon.
You worshipped Okawaru.
Okawaru was noncommittal.
You were not hungry.

You visited 2 branches of the dungeon, and saw 5 of its levels.

You collected 240 gold pieces.
You spent 234 gold pieces at shops.

Inventory:

Hand Weapons
 e - a +0 hand axe
 z - the cursed +3 morningstar of Anehyl Fede (weapon) {elec, rElec rN+ Str-5}
   (You bought it in a shop on level 4 of the Dungeon)

   Occasionally, upon striking a foe, it will discharge some electrical energy
   and cause terrible harm.
   It affects your strength (-5).
   It insulates you from electricity.
   It protects you from negative energy.
   It has a curse placed upon it.
Missiles
 d - 127 stones (quivered)
 s - 19 sling bullets
Armour
 a - a +0 robe (worn)
 g - a +0 buckler
 u - a +0 pair of boots (worn)
Jewellery
 h - an uncursed ring of resist corrosion {unknown}
 i - an uncursed ring of ice {unknown}
 r - a cursed ring of loudness {unknown}
 v - an uncursed ring of see invisible {unknown}
 y - an uncursed ring of resist corrosion {unknown}
Scrolls
 f - a scroll of fog {unknown}
 j - 2 scrolls of identify {unknown}
 l - a scroll of blinking {unknown}
 p - a scroll of enchant armour {unknown}
 q - 2 scrolls of recharging {unknown}
Potions
 k - 2 potions of might {unknown}
 m - a potion of degeneration {unknown}
 n - 2 potions of curing {unknown}
 o - 2 potions of flight
 t - a potion of mutation {unknown}
Books
 b - a book of Flames

   Spells                             Type                      Level
   a - Flame Tongue                   Conjuration/Fire             1
   b - Throw Flame                    Conjuration/Fire             2
   c - Conjure Flame                  Conjuration/Fire             3
   d - Inner Flame                    Hexes/Fire                   3
   e - Sticky Flame                   Conjuration/Fire             4
   f - Fireball                       Conjuration/Fire             5
Comestibles
 c - 3 bread rations
 w - a meat ration


   Skills:
 - Level 1.5 Dodging
 - Level 1.5 Stealth
 + Level 2.8 Spellcasting
 + Level 2.7 Conjurations
 + Level 4.3 Fire Magic


You had 3 spell levels left.
You knew the following spells:

 Your Spells              Type           Power        Failure   Level  Hunger
a - Flame Tongue          Conj/Fire      ##...        4%          1    #......
b - Throw Flame           Conj/Fire      ##....       7%          2    ##.....
c - Conjure Flame         Conj/Fire      ##......     13%         3    ###....


Dungeon Overview and Level Annotations

Branches:
Dungeon (4/15)             Temple (1/1) D:4

Altars:
Ashenzari
Cheibriados
Dithmenos
Elyvilon
Fedhas
Gozag
Hepliaklqana
Kikubaaqudgha
Makhleb
Nemelex Xobeh
Okawaru
Qazlal
Ru
Trog
Uskayaw
Vehumet
Wu Jian
Xom
Yredelemnul
Zin
The Shining One

Shops:
D:4 (


Message History

The hound bites you.
* * * LOW HITPOINT WARNING * * *
The hound closely misses you.
Casting: Flame Tongue
Confirm with . or Enter, or press ? or * to list all spells.
Aiming: Flame Tongue
Press: ? - help, Shift-Dir - straight line, f/p - hound
Aim: a hound (severely wounded)
The flame tongue hits the hound.
The hound appears unharmed.
The hound is severely wounded.
The hound bites you.
* * * LOW HITPOINT WARNING * * *
The hound bites you.
* * * LOW HITPOINT WARNING * * *
The orc wizard mumbles some strange words.
The orc wizard blinks!
It was a potion of flight.
You feel very buoyant.
You fly up into the air.
The hound closely misses you. The hound bites you.
You die...

.#....# #.#.≈≈≈≈≈≈...≈≈≈≈≈≈.#
#...#### #.#.≈≈≈≈≈≈.>.≈≈≈≈≈≈o##
##.....# #.#.≈≈≈≈≈≈...≈≈≈≈≈≈..##
#..s##.###.#..≈≈≈≈≈≈≈≈≈≈≈≈≈....#
.#.###.......[..≈≈≈≈≈≈≈≈≈......#
...........#......≈≈≈≈≈........#
#...########.........o.........#
.......)....#.#####o######.....#
)...##..........@ho§# ###.###
.#.....####.#.####### #.#
.#####.# #.### #.#
.#####.####.########## .#
.....................#
.#####...........###.# .#
#.####.####.# .# #.# #.# #.# .#
#.# #.# #.#


You could see a hound, an orc wizard and an orc.

Vanquished Creatures
  3 adders
  2 worms
  5 dart slugs
  2 leopard geckos (D:2)
  2 orcs (D:3)
  2 ball pythons
  10 bats
  3 giant cockroaches
  10 goblins
  11 hobgoblins
  14 jackals
  10 kobolds
  A quokka (D:3)
  7 frilled lizards
  7 rats
89 creatures vanquished.

Notes
Turn   | Place    | Note
-------+----------+-------------------------------------------
     0 | D:1      | tilp the Hill Orc Fire Elementalist began the quest for the Orb.
     0 | D:1      | Reached XP level 1. HP: 14/14 MP: 3/3
   382 | D:1      | Reached XP level 2. HP: 20/20 MP: 4/4
   415 | D:1      | Learned a level 2 spell: Throw Flame
   543 | D:1      | Reached XP level 3. HP: 26/26 MP: 0/6
  1288 | D:1      | Learned a level 3 spell: Conjure Flame
  1322 | D:1      | Reached skill level 4 in Fire Magic
  1535 | D:2      | Reached XP level 4. HP: 23/33 MP: 2/7
  2696 | D:3      | Found a faded altar of an unknown god.
  3048 | D:3      | Reached XP level 5. HP: 36/38 MP: 9/9
  4059 | D:4      | Found a staircase to the Ecumenical Temple.
  4241 | D:4      | Found Vaurecw's Antique Weapon Boutique.
  4249 | D:4      | Bought a fine morningstar for 234 gold pieces
  4249 | D:4      | Identified the cursed +3 morningstar of Anehyl Fede {elec, rElec rN+ Str-5} (You bought it in a shop on level 4 of the Dungeon)
  4282 | Temple   | Entered the Ecumenical Temple
  4341 | Temple   | Became a worshipper of Warmaster Okawaru
  4397 | D:4      | Slain by a hound

Vault maps used:
D:1:      sevenhm_arrival_forest_fort_large_2, minmay_tromino_i2
D:3:      first_bread, chequers_ecumenical_altar_simple
D:4:      temple_pool_b, serial_shops, shop
Temple:   compressed_dpeg_circular_temple

Skill      XL: |  1  2  3 |
---------------+----------+-----
Spellcasting   | 2 |  2.8
Conjurations   | 2 |  2.7
Fire Magic     | 4 |  4.3
Dodging        | |  1.5
Stealth        | |  1.5

Action                   |  1- 3 |  4- 6 || total
-------------------------+-------+-------++-------
Melee: Hand axe          |    71 |   103 ||   174
       Morningstar       |       |     4 ||     4
Throw: Stone             |    37 |    27 ||    64
 Cast: Flame Tongue      |    42 |    49 ||    91
       Conjure Flame     |       |     4 ||     4
       Throw Flame       |       |     2 ||     2
  Use: Potion            |       |     1 ||     1
 Stab: Sleeping          |       |     4 ||     4
  Eat: Chunk             |     3 |     8 ||    11
       Royal jelly       |       |     1 ||     1
Armor: Robe              |    30 |    35 ||    65
Dodge: Dodged            |    73 |    87 ||   160

Table legend:
 A = Spawn XP
 B = Non-spawn XP
 C = Spawn XP percentage of total XP
 D = Spawn monster count
 E = Non-spawn monster count
 F = Spawn count percentage of total count
 G = Total turns spent on level
                    A         B        C        D         E        F      G
               +---------+---------+-------+---------+---------+-------+---------
         Total |       0 |     207 |   0.0 |       0 |      89 |   0.0 |  4397
               +---------+---------+-------+---------+---------+-------+---------
           D:1 |       0 |      75 |   0.0 |       0 |      39 |   0.0 |  1515
           D:2 |       0 |      65 |   0.0 |       0 |      27 |   0.0 |  1165
           D:3 |       0 |      66 |   0.0 |       0 |      22 |   0.0 |  1397
           D:4 |       0 |       1 |   0.0 |       0 |       1 |   0.0 |   236
               +---------+---------+-------+---------+---------+-------+---------
